AoeStats
← A D A P T

Arena

507194370Analyzed
2v2 RM · 14d ago on Sep 17, 2026· 40m 51s· 4 players
Game mode
Random Map
Map size
Medium (4 player)
Population
200
Speed
Normal
Resources
Standard
Victory
Conquest
Starting age
Dark Age
Ending age
Imperial Age
RankedLock teamsTeams togetherTeam positionsShared explorationLock speedFull tech treeHidden civsTurbo modeCheats
Victory
Defeat
🇦🇷 Mapuche · Argentina
1115
+16
🇩🇪 Slavs · Germany
1095
+16
🇦🇺 Teutons · Australia
1158
-18
🇦🇺 Khmer · Australia
1051
-14
mxn
10:24 Feudal Age
14:30 Castle Age
12:39 Double-Bit Axe
13:19 Horse Collar
19:22 Loom
24:40 Wheelbarrow
24:38 Gold Mining
25:17 Town Watch
25:52 Hand Cart
27:20 Bow Saw
30:04 Imperial Age
28:19 Scale Mail Armor
28:29 Forging
28:49 Heavy Plow
28:23 Man-at-Arms
29:36 Squires
29:19 Long Swordsman
31:29 Two-Handed Swordsman
33:15 Chain Mail Armor
33:36 Iron Casting
32:48 Pikeman
33:53 Halberdier
35:09 Plate Mail Armor
34:42 Champion
40:12 Blast Furnace
41:17 Druzhina
gutierrezpa4
10:44 Feudal Age
11:06 Loom
15:13 Castle Age
23:04 Devotion
24:04 Horse Collar
24:17 Double-Bit Axe
27:04 Wheelbarrow
28:08 Fletching
33:25 Imperial Age
32:14 Hand Cart
35:01 Malon
36:55 Chemistry
36:19 Bodkin Arrow
36:34 Forging
37:06 Ballistics
37:19 Town Watch
38:48 Bow Saw
39:23 Siege Engineers
40:06 Conscription
40:25 Elite Kona
trashdog
7:29 Loom
10:50 Feudal Age
14:14 Castle Age
12:20 Double-Bit Axe
12:25 Horse Collar
19:10 Bloodlines
19:09 Scale Barding Armor
19:14 Forging
28:15 Gold Mining
29:03 Husbandry
30:50 Redemption
36:52 Imperial Age
A D A P T
11:38 Feudal Age
14:28 Wheelbarrow
15:58 Castle Age
14:34 Wheelbarrow
13:49 Double-Bit Axe
17:37 Bow Saw
23:16 Loom
23:18 Town Watch
24:46 Hand Cart
24:28 Gold Mining
25:10 Bloodlines
25:13 Scale Barding Armor
25:32 Forging
26:35 Chain Barding Armor
28:07 Horse Collar
29:27 Iron Casting
29:13 Squires
28:59 Arson
29:16 Scale Mail Armor
33:46 Imperial Age
32:21 Chain Mail Armor
33:59 Capped Ram
37:34 Blast Furnace
37:11 Plate Barding Armor
37:06 Plate Mail Armor
37:15 Elite Teutonic Knight
38:26 Conscription
40:53 Ironclad
40:00 Elite Teutonic Knight
Connection lost

Rejoining the realm…

Still unreachable

The connection could not be restored.

Session expired

The server has moved on; the page needs a fresh start.